 Dungeon Crawl Stone Soup version 0.26-a0-388-gf3277c4969 (webtiles) character file.

Game seed: 15722719339771044001

19042 KristoblXynda the Carver (level 12, 0/94 HPs)
             Began as a Green Draconian Gladiator on July 21, 2020.
             Was an Initiate of Gozag.
             Engulfed by an ice statue's freezing vapour (22 damage)
             ... on level 8 of the Dungeon.
             The game lasted 00:30:00 (12338 turns).

KristoblXynda the Carver (DrGl)                    Turns: 12338, Time: 00:30:01

Health: 0/94       AC: 10    Str: 17    XL:     12   Next: 33%
Magic:  21/21      EV: 18    Int: 14    God:    Gozag
Gold:   2392       SH:  0    Dex: 12    Spells: 20/23 levels left

rFire    + . .     SeeInvis .   u - +5 long sword (elec)
rCold    . . .     Faith    .   K - +0 buckler
rNeg     + . .     Spirit   .   (armour unavailable)
rPois    +         Reflect  .   b - +0 hat
rElec    .         Harm     .   s - +0 cloak {MR+}
rCorr    .                      i - +0 pair of gloves
MR       ++...                  (no boots)
Stlth    ++........             n - amulet of regeneration
HPRegen  0.65/turn              z - ring "Qibifeck" {MR+ Slay+3}
MPRegen  0.17/turn              G - ring "Atedyuzu" {rF+ rN+ Stlth+}

@: confused
A: breathe noxious fumes, unfitting armour, poison resistance, cold-blooded, AC
+8
a: Breathe Noxious Fumes, Potion Petition, Call Merchant, Bribe Branch, Renounce
Religion


You were on level 8 of the Dungeon.
You worshipped Gozag.
Gozag was most pleased with you.
You visited 2 branches of the dungeon, and saw 12 of its levels.

You collected 2787 gold pieces.
You spent 268 gold pieces at shops.
You paid 127 gold pieces to Gozag.

Inventory:

Hand Weapons
 u - a +5 long sword of electrocution (weapon)
 N - the +8 arc blade {discharge, rElec}
   (You found it on level 9 of the Dungeon)

   It insulates you from electricity.
Missiles
 c - 2 throwing nets (quivered)
Armour
 b - a +0 hat (worn)
 i - a +0 pair of gloves (worn)
 s - a +0 cloak of magic resistance (worn)
 C - a +2 kite shield
 K - a +0 buckler (worn)
Jewellery
 n - an amulet of regeneration (around neck)
 p - an uncursed ring of protection from cold
 q - an uncursed ring of positive energy
 y - a +4 ring of protection
 z - the ring "Qibifeck" (left hand) {MR+ Slay+3}
   (You acquired it on level 11 of the Dungeon)

   [ring of protection from magic]

   It affects your accuracy and damage with ranged weapons and melee attacks
   (+3).
   It affects your resistance to hostile enchantments.
 D - an uncursed ring of protection from fire
 G - the ring "Atedyuzu" (right hand) {rF+ rN+ Stlth+}
   (You bought it in a shop on level 7 of the Dungeon)

   [ring of stealth]

   It protects you from fire.
   It protects you from negative energy.
   It makes you more stealthy.
 L - a +6 ring of dexterity
Wands
 m - a wand of acid (17)
 F - a wand of clouds (5)
 M - a wand of random effects (18)
 O - a wand of paralysis (11)
Scrolls
 h - 4 scrolls of fog
 j - a scroll of noise {unknown}
 t - 3 scrolls of remove curse
 v - a scroll of teleportation
 w - a scroll of fear {unknown}
 x - 2 scrolls of magic mapping
 A - 2 scrolls of immolation
 B - 3 scrolls of enchant weapon
 I - a scroll of amnesia
 J - a scroll of random uselessness {unknown}
 P - a scroll of blinking {unknown}
Potions
 a - 2 potions of cancellation
 d - 8 potions of flight
 e - a potion of ambrosia
 f - 2 potions of mutation
 g - a potion of invisibility
 k - 6 potions of curing
 l - a potion of haste
 o - 2 potions of resistance
 r - 3 potions of lignification
 H - a potion of might


   Skills:
 - Level 5.0 Fighting
 + Level 13.5 Long Blades
 - Level 2.1 Throwing
 + Level 10.3 Dodging
 - Level 5.0 Shields
 + Level 6.1 Spellcasting
 - Level 5.1 Evocations


You had 20 spell levels left.
You knew the following spells:

 Your Spells              Type           Power        Failure   Level
a - Dazzling Flash        Conj/Hex       #.....       43%         3

Your spell library contained the following spells:

 Spells                   Type           Power        Failure   Level
 Animate Skeleton         Necr           #.....       16%         1
 Beastly Appendage        Tmut           #.....       16%         1
 Magic Dart               Conj           #...         16%         1
 Pain                     Necr           #...         16%         1
 Blink                    Tloc           N/A          24%         2
 Call Imp                 Summ           #.......     24%         2
 Searing Ray              Conj           #.....       24%         2
 Slow                     Hex            #.......     24%         2
 Wereblood                Tmut           #.......     24%         2
 Conjure Flame            Conj/Fire      #.......     43%         3
 Mephitic Cloud           Conj/Pois/Air  #.......     43%         3
 Spider Form              Tmut/Pois      #.........   43%         3
 Vampiric Draining        Necr           #.........   43%         3
 Animate Dead             Necr           #.........   83%         4
 Fulminant Prism          Conj/Hex       #.........   83%         4
 Ice Form                 Ice/Tmut       #.......     83%         4
 Iskenderun's Mystic Bla  Conj/Tloc      #.......     83%         4
 Agony                    Necr           #.......     99%         5
 Blade Hands              Tmut           #.........   99%         5


Dungeon Overview and Level Annotations

Branches:
Dungeon (11/15)            Temple (1/1) D:6            Lair (0/6) D:11
    Orc (0/2) D:10

Altars:
Ashenzari
Cheibriados
Dithmenos
Elyvilon
Fedhas
Gozag
Hepliaklqana
Kikubaaqudgha
Makhleb
Nemelex Xobeh
Okawaru
Qazlal
Ru
Sif Muna
Trog
Uskayaw
Vehumet
Wu Jian
Xom
Yredelemnul
Zin
The Shining One
Beogh

Shops:
D:7 *}[   D:8 :*:[   D:9 :

Annotations:
D:8 exclusions: ice statue and orange crystal statue
D:9 1 runed translucent door


Innate Abilities, Weirdness & Mutations

You can breathe blasts of noxious fumes.
Your lurid green scales are hard. (AC +8)
You cannot fit into any form of body armour.
Your system is resistant to poisons. (rPois)
You are cold-blooded and may be slowed by cold attacks.


Message History

The ice beast completely misses you.
You riposte.
You slash the ice beast!
You kill the ice beast!
You hit the ice statue.
The ice statue is almost destroyed.
The ice statue gestures at you. The freezing blast engulfs you!
* * * LOW HITPOINT WARNING * * *
The ice beast hits you but does no damage.
The ice beast completely misses you.
Okay, then.
It was a potion of heal wounds.
You feel much better.
You are engulfed in freezing vapours.
* * * LOW HITPOINT WARNING * * *
The ice statue gestures.
The ice beast misses you. x2
Unknown command.
You are confused.
You feel invigorated.
You are engulfed in freezing vapours.
You die...
Your body crumbles into a pile of gold.

#...............# #....>##.
######...###.#### ###.####.
##............# ##.## #.
#..?...###.##.#####...###.
###.....##.#...........##.
##?##.....##.......#...####
##$..##...Y○##..###.#.......
#!.8..##.○8○Y##........####.
#
#.....##○Y@##..###.#..#...<
########.....##☼######
#......##. .##...# #.....###
###..####. #.....# ##....$.#
#...>... .##...###......##
##.##### ......##...##.####
#...# ##..#......##$...#
#...# ##....##...#####.#
#...# ##.##.......####.###
#####...####


You could see an ice statue and 3 ice beasts.

Vanquished Creatures
  A two-headed ogre (D:11)
  2 unseen horrors
  An orc knight (D:10)
  The ghost of Sickboy the Thaumaturge, a novice DECj of Vehumet (D:7)
  2 ugly things (D:11)
  A deep elf mage (D:9)
  A manticore (D:11)
  Psyche (D:9)
  A komodo dragon (D:11)
  Grinder (D:4)
  A hornet (D:8)
  A troll (D:9)
  A slime creature (D:9)
  4 hippogriffs
  Sigmund (D:3)
  22 yaks
  3 wraiths
  A wyvern (D:10)
  A vampire (D:9)
  4 fire bats (D:9)
  An acid dragon (D:11)
  A water moccasin (D:8)
  A hell hound (D:9)
  An ice beast (D:5)
  9 orc warriors
  2 sky beasts
  3 necrophages
  4 ogres
  A black bear (D:6)
  An eye of draining (D:10)
  10 centaurs
  A phantom (D:6)
  12 big kobolds
  An elf zombie (D:8)
  5 bullfrogs
  A water moccasin zombie (D:10)
  A water moccasin skeleton (D:5)
  5 scorpions
  19 wights
  7 killer bees (D:10)
  3 howler monkeys
  2 lava snakes (D:9)
  11 orc priests
  Crazy Yiuf (D:2)
  2 centaur zombies
  5 hounds
  2 human zombies (D:8)
  4 bullfrog skeletons
  7 centaur skeletons
  A gnoll shaman (D:6)
  3 jellies
  6 orc wizards
  Jessica (D:3)
  4 iguanas
  Terence (D:3)
  6 worker ants
  Natasha (thrice) (D:3)
  2 hound zombies
  A mummy (D:8)
  A howler monkey zombie (D:5)
  10 gnolls
  A howler monkey skeleton (D:10)
  7 adders
  2 shadow imps
  3 white imps
  3 ufetubi
  2 oozes
  3 worms
  A dart slug (D:1)
  3 leopard geckos
  78 orcs
  8 bats
  5 giant cockroaches
  6 goblins
  8 hobgoblins
  7 jackals
  7 quokkas
  A frilled lizard (D:2)
  16 kobolds
  A leopard gecko skeleton (D:5)
  An orc zombie (D:8)
  A quokka zombie (D:7)
  9 rats
  2 fire vortices (D:9)
  A plant (D:11)
389 creatures vanquished.

Vanquished Creatures (others)
  A fire vortex (D:9)
  A fungus (D:7)
  2 plants (D:7)
4 creatures vanquished.

Grand Total: 393 creatures vanquished

Notes
Turn   | Place    | Note
-------+----------+-------------------------------------------
     0 | D:1      | KristoblXynda the Draconian Gladiator began the quest for
                  | the Orb.
     0 | D:1      | Reached XP level 1. HP: 17/17 MP: 1/1
   280 | D:1      | Reached XP level 2. HP: 24/24 MP: 2/2
   580 | D:1      | Reached XP level 3. HP: 23/30 MP: 3/3
  1541 | D:2      | Reached skill level 4 in Long Blades
  1543 | D:2      | Reached XP level 4. HP: 37/37 MP: 4/4
  1763 | D:2      | You fall into a shaft and drop 2 floors!
  1764 | D:4      | Noticed an ogre
  1767 | D:4      | Noticed an ogre
  2247 | D:3      | Noticed Natasha
  2286 | D:3      | Noticed Terence
  2306 | D:3      | Killed Terence
  2654 | D:3      | Killed Natasha
  2654 | D:3      | Reached XP level 5. HP: 36/45 MP: 5/5
  2722 | D:3      | Noticed Jessica
  2729 | D:3      | Killed Jessica
  2756 | D:3      | Noticed Sigmund
  2797 | D:3      | Killed Sigmund
  2797 | D:3      | Reached skill level 5 in Long Blades
  2797 | D:3      | Reached XP level 6. HP: 34/52 MP: 6/6
  3090 | D:3      | Noticed Natasha
  3100 | D:3      | Killed Natasha
  3311 | D:3      | Noticed Natasha
  3325 | D:3      | Killed Natasha
  3733 | D:2      | Found a runed translucent door.
  3734 | D:2      | Noticed Crazy Yiuf
  3746 | D:2      | Killed Crazy Yiuf
  3746 | D:2      | Reached skill level 6 in Long Blades
  3746 | D:2      | Your scales start taking on a lurid green colour.
  3746 | D:2      | Reached XP level 7. HP: 55/59 MP: 7/7
  3746 | D:2      | Gained mutation: Your system is resistant to poisons.
                  | (rPois) [Green Draconian growth]
  3927 | D:4      | Reached skill level 5 in Fighting
  3976 | D:4      | Reached skill level 7 in Long Blades
  4075 | D:4      | Reached skill level 5 in Dodging
  4077 | D:4      | Noticed a hippogriff
  4113 | D:4      | Noticed Grinder
  4122 | D:4      | Paralysed by Grinder for 2 turns
  4128 | D:4      | Killed Grinder
  4128 | D:4      | Reached skill level 1 in Evocations
  4128 | D:4      | Reached XP level 8. HP: 68/68 MP: 8/8
  4232 | D:4      | Killed a hippogriff
  4239 | D:4      | Reached skill level 8 in Long Blades
  4387 | D:5      | Entered Level 5 of the Dungeon
  4651 | D:5      | Reached XP level 9. HP: 74/74 MP: 9/9
  4691 | D:5      | Killed an unseen horror
  4691 | D:5      | Reached skill level 9 in Long Blades
  5496 | D:6      | Found a staircase to the Ecumenical Temple.
  5505 | Temple   | Entered the Ecumenical Temple
  5561 | Temple   | Became a worshipper of Gozag Ym Sagoz the Greedy
  5664 | D:6      | Found a shimmering altar of Xom.
  6315 | D:7      | Reached skill level 10 in Long Blades
  6331 | D:7      | Reached skill level 5 in Evocations
  6372 | D:7      | Found Ehutat's Assorted Antiques.
  6376 | D:7      | Bought a translucent golden ring for 150 gold pieces
  6376 | D:7      | Bought a scroll of identify for 60 gold pieces
  6378 | D:7      | Identified the ring "Atedyuzu" {rF+ rN+ Stlth+} (You bought
                  | it in a shop on level 7 of the Dungeon)
  6419 | D:7      | Found Mesk's Armour Boutique.
  6632 | D:7      | Learned a level 3 spell: Dazzling Flash
  6686 | D:7      | Found a runed translucent gate.
  6687 | D:7      | Found a runed translucent gate.
  6771 | D:7      | Found Jefuw's Gadget Shop.
  6894 | D:7      | Found a runed translucent gate.
  6894 | D:7      | Noticed Sickboy's ghost (novice DECj)
  6896 | D:7      | Identified the +7 short sword of Zaommut {chaos, rElec}
  7141 | D:8      | Reached skill level 1 in Shields
  7152 | D:8      | Noticed an orange crystal statue
  7166 | D:8      | Found Duhupt's Book Emporium.
  7194 | D:8      | Found a burning altar of Makhleb.
  7282 | D:8      | Found Vajoabb's Armour Emporium.
  7290 | D:8      | Bought a +0 buckler for 58 gold pieces
  7346 | D:8      | Reached XP level 10. HP: 75/81 MP: 10/10
  7544 | D:8      | Found Posenowkuh's General Store.
  7563 | D:8      | Noticed an ice statue
  7645 | D:8      | Found Beschant's Book Shop.
  7741 | D:8      | Reached skill level 11 in Long Blades
  7767 | D:8      | Found an ancient bone altar of Kikubaaqudgha.
  8260 | D:9      | Found a runed translucent door.
  8322 | D:9      | Noticed Psyche
  8333 | D:9      | Found a runed translucent door.
  8573 | D:9      | Killed Psyche
  8613 | D:9      | Found Neaven's Book Boutique.
  8841 | D:9      | Found the +8 arc blade {discharge, rElec}
  8959 | D:9      | Reached skill level 12 in Long Blades
  9157 | D:10     | Entered Level 10 of the Dungeon
  9207 | D:10     | Noticed an orc knight
  9213 | D:10     | Reached XP level 11. HP: 70/86 MP: 11/11
  9239 | D:10     | Killed an orc knight
  9239 | D:10     | Reached skill level 1 in Spellcasting
  9377 | D:10     | Found a roughly hewn altar of Beogh.
  9377 | D:10     | Found a staircase to the Orcish Mines.
  9510 | D:10     | Reached skill level 5 in Shields
  9760 | D:10     | Killed an unseen horror
 10844 | D:11     | Noticed a cyan ugly thing
 10860 | D:11     | Killed a cyan ugly thing
 10970 | D:11     | Identified a scroll of acquirement
 11044 | D:11     | Reached skill level 13 in Long Blades
 11106 | D:11     | Acquired the ring "Qibifeck" {MR+ Slay+3}
 11120 | D:11     | Noticed a two-headed ogre
 11127 | D:11     | Killed a two-headed ogre
 11341 | D:11     | Reached skill level 5 in Spellcasting
 11472 | D:11     | Reached XP level 12. HP: 94/94 MP: 19/19
 11553 | D:11     | Reached skill level 10 in Dodging
 11571 | D:11     | Found a staircase to the Lair.
 12219 | D:7      | Killed Sickboy's ghost
 12338 | D:8      | Engulfed by an ice statue's freezing vapour

Illustrated notes

Levels and vault maps discovered:
D:1:      kennysheep_arrival_forest, layout_basic
D:2:      layout_basic, uniq_crazy_yiuf_cottage
D:3:      layout_basic, uniq_natasha, uniq_terence, uniq_sigmund, uniq_jessica
D:4:      layout_rooms, chequers_ossuary_entry_cave, uniq_grinder
D:5:      kennysheep_windowed_halls, layout_rooms, minmay_misc_feat_cross,
          kennysheep_path_1
D:6:      layout_layer_cave, minmay_temple_entry_proselytizer, basic_altar
D:7:      layout_loops_ring, serial_shops, shop, shop, nicolae_shop_stone,
          gammafunk_ghost_nasty_kobolds
D:8:      minmay_separated_statues, layout_loops_cross,
          lemuel_mausoleum_altar_kikubaaqudgha, serial_shops, shop, shop, shop,
          kennysheep_mini_moat, basic_altar, serial_bayou_pond_a
D:9:      cheibrodos_histonic, layout_basic, serial_shops, shop_statue,
          hangedman_incinerator, uniq_psyche
D:10:     layout_stronghold, david_orc_5
D:11:     layout_roguey, david_lair_shrubbed, special_room [special_room_orc],
          st_stairs_9
Temple:   kilobyte_greek_temple

Skill      XL: |  1  2  3  4  5  6  7  8  9 10 11 12 |
---------------+-------------------------------------+-----
Throwing       | 2 |  2.1
Dodging        | 3 4 5 6 7 8 9 10 | 10.3
Long Blades    | 4 5 6 7 8 10 12 13 | 13.5
Fighting       | 3 4 5 |  5.0
Evocations     | 1 3 5 |  5.1
Shields        | 1 4 5 |  5.0
Spellcasting   | 5 6 |  6.1

Action                   |  1- 3 |  4- 6 |  7- 9 | 10-12 || total
-------------------------+-------+-------+-------+-------++-------
Melee: Long sword        |    84 |   140 |   248 |   621 ||  1093
       Tailslap          |    13 |    21 |    36 |   102 ||   172
Throw: Throwing net      |       |     1 |       |       ||     1
 Abil: Breathe Noxious F |       |       |     9 |    16 ||    25
Evoke: Wand              |       |     2 |     2 |     3 ||     7
  Use: Scroll            |     1 |     4 |     9 |     9 ||    23
       Potion            |       |     3 |     1 |     2 ||     6
 Stab: Sleeping          |     2 |       |     3 |    11 ||    16
       Confused          |       |       |     6 |    15 ||    21
       Distracted        |       |       |     1 |     5 ||     6
Armor: Skin              |    29 |    48 |    83 |   118 ||   278
Dodge: Dodged            |    68 |   133 |   167 |   335 ||   703
Block: Buckler           |       |       |     2 |   117 ||   119
       Rpst.: Long sword |    20 |    46 |    40 |    89 ||   195

Table legend: (Time is in decaauts)
 A = Elapsed time spent in this place.
 B = Non-inter-level travel time spent in this place.
 C = Inter-level travel time spent in this place.
 D = Time resting spent in this place.
 E = Time spent auto-exploring this place.
 F = Levels seen in this place.
 G = Mean time per level.
                   A        B        C        D        E       F      G
               +--------+--------+--------+--------+--------+-----+--------+
         Total |  12242 |  11655 |    587 |   1635 |   6459 |  12 | 1020.2 |
       Dungeon |  12147 |  11597 |    550 |   1635 |   6459 |  11 | 1104.3 |
        Temple |     94 |     57 |     37 |      0 |      0 |   1 |   94.0 |
               +--------+--------+--------+--------+--------+-----+--------+
Top levels by time: D:3: 1865 daAuts D:9: 1425 daAuts D:10: 1388 daAuts D:11: 1282 daAuts D:1: 1056 daAuts D:8: 983 daAuts D:6: 955 daAuts D:2: 839 daAuts D:7: 830 daAuts D:5: 805 daAuts
